 Dungeon Crawl Stone Soup version 0.31-a0-232-gb1c03b2570 (webtiles) character file.

Game seed: 8008357763797643168

1353 qw the Skirmisher (level 8, -3/49 HPs)
             Began as a Gargoyle Hexslinger on July 7, 2023.
             Engulfed by a steam dragon's steam (9 damage)
             ... on level 7 of the Dungeon.
             The game lasted 00:01:49 (4152 turns).

qw the Skirmisher (Gargoyle Hexslinger)             Turns: 4152, Time: 00:01:50

Health: -3/49      AC: 16    Str: 11    XL:     8   Next: 63%
Magic:  9/9        EV: 10    Int: 15    God:
Gold:   274        SH:  0    Dex: 14    Spells: 8/9 levels left

rFire   . . .        Y - +1 orcbow
rCold   . . .        (shield currently unavailable)
rNeg    + + .        n - +0 ring mail
rPois   inf          (no helmet)
rElec   +            (no cloak)
rCorr   .            (no gloves)
SInv    .            g - +0 pair of boots
Will    .....        (no amulet)
Stlth   +            i - +4 ring of protection
HPRegen 0.28/turn    j - ring of positive energy
MPRegen 0.11/turn

%: no passive effects
@: about to teleport
A: sickness immunity, AC +5, negative energy resistance 1, electricity
resistance, torment resistance 1, petrification resistance
a: no special abilities


You were on level 7 of the Dungeon.
You visited 1 branch of the dungeon, and saw 7 of its levels.

You collected 274 gold pieces.


Innate Abilities, Weirdness & Mutations

You are immune to sickness and miasma.
Your stone body is resilient. (AC +5)
You are immune to poison.
You resist negative energy. (rN+)
You are resistant to electric shocks. (rElec)
You are resistant to unholy torment.
You are immune to petrification.


   Skills:
 - Level 5.0 Fighting
 - Level 9.2 Ranged Weapons
 - Level 2.0 Armour
 + Level 1.5 Dodging
 - Level 1.0 Spellcasting
 - Level 2.6 Hexes


You had 8 spell levels left.
You knew the following spells:

 Your Spells              Type           Power      Damage    Failure   Level
a - Slow                  Hex            32%        N/A       19%         1

Your spell library contained the following spells:

 Spells                   Type           Power      Damage    Failure   Level
 Inner Flame              Hex/Fire       4%         N/A       69%         3
 Portal Projectile        Hex/Tloc       8%         N/A       69%         3
 Cause Fear               Hex            4%         N/A       88%         4

Inventory:

Hand Weapons
 Y - a +1 orcbow (weapon)
Armour
 g - a +0 pair of boots (worn)
 n - a +0 ring mail (worn)
Jewellery
 i - a +4 ring of protection (left hand)
 j - a ring of positive energy (right hand)
Scrolls
 c - a scroll of identify
 f - a scroll of teleportation
Potions
 a - a potion of cancellation
 b - 3 potions of curing
 d - 3 potions of heal wounds
 e - a potion of haste
 h - a potion of might
 k - a potion of enlightenment
 m - a potion of invisibility {unknown}
 p - a potion of degeneration {unknown}
 q - a potion of lignification {unknown}

Dungeon Overview and Level Annotations

Branches:
Dungeon (7/15)
 Temple: D:4-7

Altars:
Kikubaaqudgha
Nemelex Xobeh
Qazlal
Sif Muna
Wu Jian
Xom
Zin

Shops:
D:1 (   D:4 :


Message History

You see here a steam dragon corpse.
A steam dragon comes into view.
The steam dragon hisses angrily.
Enter note: You shoot an arrow.
The arrow barely misses the steam dragon.
You shoot an arrow.
The arrow closely misses the steam dragon.
The steam dragon breathes steam at you.
The ball of steam hits you but does no damage.
4144 ||| Stepping ~*~*~tactically~*~*~ (cloud).
Enter note: You shoot an arrow.
The arrow hits the steam dragon.
The steam dragon is moderately wounded.
You shoot an arrow.
The arrow hits the steam dragon but does no damage.
The steam dragon is moderately wounded.
The steam dragon breathes steam at you. The ball of steam hits you!!
You shoot an arrow. The arrow hits the steam dragon!
The steam dragon is heavily wounded.
You are engulfed in a cloud of scalding steam.
You shoot an arrow.
The arrow hits the steam dragon but does no damage.
The steam dragon is heavily wounded.
The steam dragon barely misses you.
The steam dragon claws you but does no damage.
You shoot an arrow. The arrow hits the steam dragon!
The steam dragon is almost dead.
The steam dragon bites you but does no damage.
The steam dragon claws you but does no damage.
You shoot an arrow.
The arrow closely misses the steam dragon.
The steam dragon breathes steam at you. The ball of steam hits you!
4152 ||| READING 2 scrolls of teleportation.
As you read the scroll of teleportation, it crumbles to dust.
You feel strangely unstable.
You are engulfed in a cloud of scalding steam.
You die...

.¤# #.# .¤## #.#
.¤~# #.#
##¤~###########.#
##¤.~##..........#
##.¤.~##.##########
#~..¤# #.# #~D¤##
#.########
#~@#####........#
#~¤...##..#####.#
##¤....#..#
#~.}..%..#
#~~...#.##
##~~.#### #####


You could see a steam dragon (catching breath).

Vanquished Creatures
  A steam dragon (D:7)
  2 black bears
  2 ogres (D:6)
  2 ice beasts
  A centaur (D:5)
  A phantom (D:6)
  A bullfrog (D:7)
  5 hounds
  3 jellies
  A gnoll bouda (D:6)
  2 iguanas
  5 gnolls
  3 adders
  2 ufetubi (D:6)
  A worm (D:4)
  2 dart slugs
  3 orcs
  12 ball pythons
  6 endoplasms
  3 giant cockroaches
  7 goblins
  6 hobgoblins
  4 quokkas
  4 bats
  6 frilled lizards
  8 kobolds
  9 rats
102 creatures vanquished.

Notes
Turn   | Place    | Note
-------+----------+-------------------------------------------
     0 | D:1      | qw the Gargoyle Hexslinger began the quest for the Orb.
     0 | D:1      | Reached XP level 1. HP: 12/12 MP: 2/2
     0 | D:1      | 0 ||| qw: Version: 0.3-a-46-gb1f654a
     0 | D:1      | 0 ||| qw: Game counter: 2522
     0 | D:1      | 0 ||| qw: Melee chars always use a shield: true
     0 | D:1      | 0 ||| qw: God list: Okawaru
     0 | D:1      | 0 ||| qw: Allow faded altars: false
     0 | D:1      | 0 ||| qw: Do Orc after clearing Dungeon:15 true
     0 | D:1      | 0 ||| qw: Do second Lair branch before Depths: true
     0 | D:1      | 0 ||| qw: Lair rune preference: random
     0 | D:1      | 0 ||| qw: Goals: Normal
     0 | D:1      | 0 ||| PLANNING D:1-11
    70 | D:1      | 70 ||| FLEEEEING.
    77 | D:1      | 77 ||| FLEEEEING.
    78 | D:1      | 78 ||| FLEEEEING.
    81 | D:1      | 81 ||| FLEEEEING.
    86 | D:1      | Reached XP level 2. HP: 13/16 MP: 3/3
   244 | D:1      | Reached skill level 3 in Ranged Weapons
   377 | D:1      | Reached XP level 3. HP: 21/21 MP: 4/4
   517 | D:1      | Found Hisaloep's Antique Weapon Emporium.
   704 | D:1      | 704 ||| UPGRADING to +0 leather armour.
   714 | D:1      | 714 ||| DROPPING +0 robe.
   715 | D:1      | 715 ||| UPGRADING to +4 ring of protection.
   716 | D:1      | 716 ||| READING scroll labelled BOHOINT QECY.
   717 | D:1      | 717 ||| READING scroll labelled JUENAY XAYRR.
   718 | D:1      | 718 ||| DRINKING 2 sapphire potions.
   719 | D:1      | 719 ||| DRINKING 2 brown potions.
   720 | D:1      | 720 ||| DROPPING scroll of poison.
  1058 | D:2      | 1058 ||| READING scroll labelled DOEDAS COCZA.
  1059 | D:2      | 1059 ||| READING scroll labelled XONLIJ PERUB.
  1060 | D:2      | 1060 ||| READING 3 scrolls of identify.
  1060 | D:2      | 1060 ||| IDENTIFYING viscous cyan potion
  1061 | D:2      | 1061 ||| READING 2 scrolls of identify.
  1061 | D:2      | 1061 ||| IDENTIFYING grey potion
  1112 | D:3      | Reached XP level 4. HP: 26/26 MP: 5/5
  1212 | D:3      | Reached skill level 4 in Ranged Weapons
  1632 | D:3      | Found a glowing silver altar of Zin.
  1753 | D:3      | 1753 ||| UPGRADING to ring of positive energy.
  1754 | D:3      | 1754 ||| DRINKING 2 black potions.
  1755 | D:3      | 1755 ||| DROPPING potion of magic.
  1815 | D:4      | Found Imeyloon's Book Shoppe.
  1856 | D:4      | Reached XP level 5. HP: 28/30 MP: 6/6
  1952 | D:4      | Noticed a black bear
  1967 | D:4      | HP: 7/30 [black bear (2)]
  1968 | D:4      | 1968 ||| DRINKING 2 potions of heal wounds.
  1969 | D:4      | Killed a black bear
  1970 | D:4      | Reached skill level 5 in Ranged Weapons
  2145 | D:4      | Reached XP level 6. HP: 34/36 MP: 7/7
  2169 | D:4      | Reached skill level 3 in Fighting
  2451 | D:4      | 2451 ||| UPGRADING to +0 pair of boots.
  2456 | D:4      | 2456 ||| READING scroll labelled PONOEFOUFE.
  2457 | D:4      | 2457 ||| READING scroll labelled GAUNWI BORA.
  2458 | D:4      | 2458 ||| READING 2 scrolls of identify.
  2458 | D:4      | 2458 ||| IDENTIFYING clear potion
  2475 | D:5      | Entered Level 5 of the Dungeon
  2481 | D:5      | Reached skill level 6 in Ranged Weapons
  2504 | D:5      | Reached skill level 1 in Armour
  2658 | D:5      | Reached XP level 7. HP: 17/44 MP: 8/8
  2757 | D:5      | Found an ornate altar of the Wu Jian Council.
  2763 | D:5      | 2763 ||| SWAPPING to +0 orcbow.
  2764 | D:5      | 2764 ||| DROPPING +2 sling.
  3014 | D:5      | 3014 ||| UPGRADING to +0 ring mail.
  3024 | D:5      | 3024 ||| DROPPING +0 leather armour.
  3025 | D:5      | 3025 ||| READING scroll labelled BUREOF VUHEJ.
  3030 | D:5      | 3030 ||| READING scroll labelled XYG ZAF XAU.
  3067 | D:6      | 3067 ||| READING scroll of enchant weapon.
  3067 | D:6      | 3067 ||| ENCHANTING +0 orcbow.
  3109 | D:6      | Reached skill level 7 in Ranged Weapons
  3244 | D:6      | Reached XP level 8. HP: 48/48 MP: 9/9
  3281 | D:6      | 3281 ||| Stepping ~*~*~tactically~*~*~ (outnumbered).
  3298 | D:6      | Reached skill level 8 in Ranged Weapons
  3427 | D:6      | Found a shimmering altar of Xom.
  3429 | D:6      | Found a stormy altar of Qazlal.
  3430 | D:6      | Found a sparkling altar of Nemelex Xobeh.
  3432 | D:6      | Found an ancient bone altar of Kikubaaqudgha.
  3432 | D:6      | Found a shimmering blue altar of Sif Muna.
  3852 | D:6      | 3852 ||| DROPPING ring of magical power.
  3853 | D:6      | 3853 ||| READING scroll labelled CATICKI ISISM.
  3954 | D:6      | 3954 ||| DRINKING 2 golden potions.
  4085 | D:7      | Reached skill level 9 in Ranged Weapons
  4144 | D:7      | 4144 ||| Stepping ~*~*~tactically~*~*~ (cloud).
  4151 | D:7      | HP: 6/49 [steam dragon/ball of steam (13)]
  4152 | D:7      | 4152 ||| READING 2 scrolls of teleportation.
  4152 | D:7      | Engulfed by a steam dragon's steam

Levels and vault maps discovered:
D:1:      saegor_arrival_simple_c, layout_loops_ring, serial_shops,
          shop_fountains, serial_bayou_pond_b, minmay_tiny_reverse_x
D:2:      layout_rooms
D:3:      layout_loops_ring, zin_academy
D:4:      cheibrodos_helix_gallery, layout_basic, serial_shops,
          nicolae_shop_just_a_little_nook
D:5:      layout_cave_pools, mainiacjoe_overflow_boulevard
D:6:      layout_basic, grunt_temple_overflow_open, serial_corexii_hall,
          chequers_hall_statues_wall_a, chequers_hall_statues_wall_a,
          chequers_hall_statues_corner_a, chequers_serial_rivers_large_a,
          corexii_shack, hangedman_decor_growths
D:7:      cheibrodos_steamvent, layout_loops_ring, minmay_temple_entry_arrows

Skill      XL: |  1  2  3  4  5  6  7  8 |
---------------+-------------------------+-----
Ranged Weapons | 3 4 5 6 7 9 |  9.2
Fighting       | 2 4 5 |  5.0
Armour         | 1 2 |  2.0
Dodging        | |  1.5
Spellcasting   | |  1.0
Hexes          | |  2.6

Action                     |  1- 3 |  4- 6 |  7- 9 || total
---------------------------+-------+-------+-------++-------
   Fire: Sling             |   119 |   166 |       ||   285
         Orcbow            |       |       |   135 ||   135
    Use: Scroll            |     6 |     3 |     5 ||    14
         Potion            |     2 |     2 |     1 ||     5
 Armour: Robe              |     7 |       |       ||     7
         Leather armour    |     7 |    44 |     4 ||    55
         Ring mail         |       |       |    49 ||    49
  Dodge: Dodged            |    19 |    53 |    56 ||   128

Table legend:
 A = Non-vault XP
 B = Vault XP
 C = Vault XP percentage of total XP
 D = Non-vault monster count
 E = Vault monster count
 F = Vault count percentage of total count
                 A         B        C        D         E       F
            +---------+---------+-------+---------+---------+-------
      Total |    1679 |     255 |  13.2 |      93 |       9 |   8.8
            +---------+---------+-------+---------+---------+-------
        D:1 |      43 |      22 |  33.8 |      27 |       5 |  15.6
        D:2 |      14 |       0 |   0.0 |       8 |       0 |   0.0
        D:3 |      43 |       0 |   0.0 |      20 |       0 |   0.0
        D:4 |     262 |      44 |  14.4 |      13 |       2 |  13.3
        D:5 |     407 |       0 |   0.0 |       8 |       0 |   0.0
        D:6 |     688 |       2 |   0.3 |      15 |       1 |   6.2
        D:7 |     222 |     187 |  45.7 |       2 |       1 |  33.3
            +---------+---------+-------+---------+---------+-------
